 Dungeon Crawl Stone Soup version 0.29-a0-459-g97dee8cd24 (webtiles) character file.

Game seed: 14700493639693336829

23916 greenreed the Cleaver (level 13, -10/113 HPs)
             Began as a Hill Orc Monk on May 21, 2022.
             Was an Elder of Beogh.
             Mangled by an orc warlord
             ... wielding a +0 battleaxe
              (40 damage)
             ... on level 2 of the Orcish Mines.
             The game lasted 01:17:40 (18738 turns).

greenreed the Cleaver (Hill Orc Monk)              Turns: 18738, Time: 01:17:40

Health: -10/113    AC: 16    Str: 24    XL:     13   Next: 9%
Magic:  17/20      EV: 13    Int: 10    God:    Beogh [****..]
Gold:   578        SH: 15    Dex: 13    Spells: 12/12 levels left

rFire   + . .      SeeInvis +   q - +0 broad axe (venom)
rCold   . . .      Faith    .   X - +0 kite shield
rNeg    . . .      Spirit   .   W - +0 scale mail {rF+}
rPois   +          Reflect  +   K - +1 hat
rElec   .          Harm     .   (no cloak)
rCorr   .          Rampage  .   C - +1 pair of gloves of Indomitability {Str+5}
Will    .....                   t - +2 pair of boots
Stlth   ..........              z - amulet of reflection
HPRegen 0.28/turn               J - ring of poison resistance
MPRegen 0.17/turn               o - ring of see invisible

@: mighty, studying 2 skills
A: no striking features
a: Renounce Religion, Smiting, Recall Orcish Followers


You were on level 2 of the Orcish Mines.
You worshipped Beogh.
Beogh was greatly pleased with you.
You visited 2 branches of the dungeon, and saw 14 of its levels.
You also visited: Bailey.

You collected 1182 gold pieces.
You spent 604 gold pieces at shops.

Inventory:

Hand Weapons
 f - the +6 whip "Rupp" {vorpal, rN+ Dex+3}
   (You found it on level 7 of the Dungeon)

   It inflicts extra damage upon your enemies.
   Dex:       It affects your dexterity (+3).
   rN:        It protects you from negative energy.
 i - a +0 antimagic whip
 j - a +1 hand axe of flaming
 q - a +0 broad axe of venom (weapon)
 U - a +2 hand axe of chaos
Missiles
 k - 19 poisoned darts (quivered)
 D - 7 atropa-tipped darts
 V - 2 throwing nets
Armour
 t - a +2 pair of boots (worn)
 C - the +1 pair of gloves of Indomitability (worn) {Str+5}
   (You found it on level 5 of the Dungeon)

   Str:       It affects your strength (+5).
 F - a +0 plate armour
 K - a +1 hat (worn)
 W - a +0 scale mail of fire resistance (worn)
 X - a +0 kite shield (worn)
Jewellery
 e - a ring of flight
 o - a ring of see invisible (right hand)
 z - an amulet of reflection (around neck)
 J - a ring of poison resistance (left hand)
Wands
 u - a wand of mindburst (1)
 x - a wand of flame (6)
 A - a wand of iceblast (8)
 H - a wand of digging (9)
 S - a wand of acid (14)
 T - a wand of polymorph (15)
 Y - a wand of charming (9)
Scrolls
 b - 3 scrolls of vulnerability
 l - 2 scrolls of poison
 m - 4 scrolls of teleportation
 n - 5 scrolls of amnesia
 p - 6 scrolls of magic mapping
 v - 2 scrolls of fear
 w - a scroll of torment {unknown}
 B - 2 scrolls of fog
 I - 2 scrolls of blinking
 Z - a scroll of enchant weapon {unknown}
Potions
 a - 3 potions of curing
 d - 2 potions of lignification
 g - 3 potions of heal wounds
 h - 4 potions of attraction
 r - 2 potions of resistance
 s - 5 potions of might
 E - 2 potions of mutation
 M - 4 potions of brilliance
 O - 4 potions of cancellation
 P - 2 potions of haste
 Q - 2 potions of invisibility
 R - 6 potions of magic
Miscellaneous
 c - a lightning rod (4/4)


   Skills:
 + Level 10.3 Fighting
 + Level 14.3 Axes
 + Level 0.6 Throwing
 + Level 11.8 Armour
 * Level 10.0 Dodging
 - Level 1.6 Stealth
 + Level 7.2 Shields
 * Level 10.1 Invocations
 + Level 2.2 Evocations


You had 12 spell levels left.
You didn't know any spells.
Your spell library contained the following spells:

 Spells                   Type           Power      Damage    Failure   Level
 Apportation              Tloc           0%         N/A       89%         1
 Necrotize                Necr           0%         1d4       89%         1
 Sting                    Tmut/Pois      0%         1d3       89%         1
 Summon Small Mammal      Summ           0%         N/A       89%         1
 Ensorcelled Hibernation  Hex/Ice        0%         N/A       96%         2
 Passwall                 Tmut/Erth      0%         N/A       96%         2
 Poisonous Vapours        Pois/Air       0%         N/A       96%         2
 Call Canine Familiar     Summ           0%         N/A       99%         3
 Ozocubu's Armour         Ice            0%         N/A       99%         3
 Summon Guardian Golem    Hex/Summ       0%         N/A       99%         3
 Swiftness                Air            0%         N/A       99%         3
 Vampiric Draining        Necr           0%         2d6       99%         3
 Animate Dead             Necr           0%         N/A       100%        4
 Hailstorm                Conj/Ice       0%         3d3       100%        4
 Ice Form                 Ice/Tmut       0%         N/A       100%        4
 Olgreb's Toxic Radiance  Pois           0%         N/A       100%        4
 Agony                    Necr           0%         N/A       100%        5
 Alistair's Intoxication  Tmut/Pois      0%         N/A       100%        5
 Borgnjor's Vile Clutch   Necr/Erth      0%         N/A       100%        5
 Death Channel            Necr           0%         N/A       100%        6
 Simulacrum               Ice/Necr       0%         N/A       100%        6
 Ozocubu's Refrigeration  Ice            0%         4d5       100%        7


Dungeon Overview and Level Annotations

Branches:
Dungeon (12/15)            Temple (0/1) D:7            Lair (0/6) D:10
    Orc (2/2) D:12            Elf (0/3) Orc:2        Bailey (visited)

Altars:
Elyvilon
Fedhas
Makhleb
Okawaru
Trog
Vehumet
Wu Jian
Xom
Yredelemnul
The Shining One
Beogh
Lugonu

Shops:
D:1 [   D:4 *   D:11 !(   Orc:2 [*??


Message History

Your orc wizard barely misses the orc knight.
Something barely misses your orc wizard.
The orc knight roars a battlecry!
Bogfrid casts a spell.
You block the warg's attack.
Your Dodging skill increases to level 10!
Aiming: Smiting
Press: ? - help, Dir - move target, f - orc warlord Smite: an orc warlord, wielding a +0 battleaxe and wearing a +0 plate armour (strong, ally target)
You smite the orc warlord!!
The orc warlord is lightly wounded.
Something closely misses your orc wizard.
Your orc wizard hits the orc knight with a +0 dagger.
You block the orc warlord's attack.
The orc warlord hits your orc warrior with a +0 battleaxe!!
Your orc warrior closely misses the warg.
You block the warg's attack.
You hit the orc warlord but do no damage.
The orc warlord is poisoned.
The orc warlord is lightly wounded.
You slice the warg!!
You kill the warg!
Beogh accepts your kill.
The orc warrior no longer looks unusually strong.
Your orc warrior hits the orc warlord with a +0 dire flail!
Something closely misses your orc wizard.
The orc warrior throws a boomerang.
You reflect the boomerang off an invisible shield around you!
The boomerang closely misses the orc warrior.
The orc warlord hits you with a +0 battleaxe!
* * * LOW HITPOINT WARNING * * *
The orc warlord hits your orc warrior with a +0 battleaxe!!
Your orc warrior dies!
The orc knight roars a battlecry!
The orc warrior goes into a battle-frenzy!
A warg comes into view.
The orc warlord attacks as you move away!
The orc warlord hits you with a +0 battleaxe!!!
You die...
Beogh appreciates the orc warlord's killing of a heretic priest.

#.........# .....
#.#.......## o)...
#..........### #...
#.#..........## ) ##..#
#.............#
ho#....##.#..........##
.).)....#...........##
...o).)o'...........####
....oo$@oo4.....#)))....
.....o)o#oo......#......
.......##.4.......).##..
......##o.....#..).##...
.....##o.o........)#)...
##########o............)))..
#......#...............#))..
#......................#...)
##.#.#......................


You could see an orc warlord (strong, poisoned, ally target), 2 orc knights, a
warg, an orc warrior (strong), an orc priest (strong), a friendly orange demon
(summoned), a friendly hellwing (summoned), the friendly Bogfrid the orc
sorcerer, 2 friendly orc warriors, a friendly orc wizard (strong) and 2 friendly
orcs.

Vanquished Creatures
  A frost giant (D:12)
  Fannar (Orc:1)
  A two-headed ogre (D:10)
  A dancing weapon (D:7)
  3 orc knights
  2 orc sorcerers (Orc:1)
  2 cyclopes (D:12)
  Joseph (D:10)
  2 kobold demonologists (D:11)
  A queen bee (D:12)
  Prince Ribbit (D:7)
  2 shadows
  2 yaks
  2 vampire mosquitoes
  4 wargs (Orc:2)
  An acid dragon (D:10)
  A water moccasin (D:9)
  3 black bears
  9 orc warriors
  5 ogres
  6 centaurs
  A boggart (D:12)
  2 phantoms
  A kobold brigand (D:3)
  A bullfrog (D:6)
  A necrophage (D:6)
  A jelly (D:6)
  7 wights
  10 killer bees
  2 howler monkeys
  3 hounds
  3 orc priests
  Crazy Yiuf (D:6)
  A scorpion zombie (D:3)
  9 orc wizards
  2 iguanas
  The ghost of Splishie the Fighter, a weakling GnWn (D:3)
  8 adders
  19 gnolls
  3 river rats (D:5)
  2 shadow imps
  2 white imps (D:6)
  2 ufetubi (D:5)
  2 dart slugs
  22 orcs
  10 endoplasms
  3 giant cockroaches
  7 goblins
  A hobgoblin (D:3)
  A jackal (D:10)
  2 kobolds
  5 quokkas
  6 ball pythons
  A ball python zombie (D:3)
  5 bats
  4 frilled lizards
  8 rats
210 creatures vanquished.

Vanquished Creatures (collateral kills)
  An orc warlord (Orc:1)
  A boulder beetle (D:12)
  A hydra (D:12)
  2 centaur warriors
  5 two-headed ogres
  An orc knight (Orc:2)
  The ghost of zeratav the Archer, a novice TeHu of Dithmenos (D:7)
  An ugly thing (D:8)
  A deep elf pyromancer (D:12)
  An orc sorcerer (Orc:2)
  A manticore (D:11)
  2 cyclopes
  A kobold demonologist (D:11)
  A komodo dragon (D:11)
  3 meliai (D:12)
  3 trolls
  A hornet (D:10)
  4 slime creatures
  A wraith (D:10)
  A shadow (D:12)
  3 vampires
  11 yaks
  A steam dragon (D:8)
  9 vampire mosquitoes
  A warg (Orc:2)
  An acid dragon (D:10)
  A water moccasin (D:8)
  18 orc warriors
  2 ice beasts
  5 ogres
  15 centaurs
  A kobold brigand (D:11)
  3 gnoll sergeants
  A scorpion (D:7)
  7 wights
  17 killer bees
  A hound (D:7)
  5 orc priests
  An iguana (D:6)
  2 orc wizards
  6 gnolls
  18 orcs
  4 goblins (D:7)
  A hobgoblin (D:3)
  2 kobolds (D:11)
169 creatures vanquished.

Vanquished Creatures (others)
  2 orc knights (D:12)
  An orc sorcerer (Orc:1)
  16 orc warriors
  7 orc wizards
  3 orc priests
  50 orcs
  8 demonic plants (D:11)
  89 plants
176 creatures vanquished.

Grand Total: 555 creatures vanquished

Notes
Turn   | Place    | Note
-------+----------+-------------------------------------------
     0 | D:1      | greenreed the Hill Orc Monk began the quest for the Orb.
     0 | D:1      | Reached XP level 1. HP: 19/19 MP: 1/1
   417 | D:1      | Reached XP level 2. HP: 25/27 MP: 2/2
   417 | D:1      | Found Caqis's Antique Armour Emporium.
  1109 | D:2      | Reached XP level 3. HP: 24/33 MP: 3/3
  1622 | D:2      | Reached skill level 5 in Axes
  1999 | D:2      | Reached XP level 4. HP: 37/41 MP: 4/4
  2155 | D:2      | Reached skill level 1 in Armour
  2614 | D:2      | Reached XP level 5. HP: 35/47 MP: 5/5
  3281 | D:3      | Found a runed translucent gate.
  3281 | D:3      | Found a runed translucent gate.
  3281 | D:3      | Found a runed translucent gate.
  3281 | D:3      | Noticed Splishie's ghost (weakling GnWn)
  3283 | D:3      | Found a basalt altar of Yredelemnul.
  3303 | D:3      | Reached skill level 6 in Axes
  3473 | D:3      | Became a worshipper of Beogh the Brigand
  3473 | D:3      | Reached * piety under Beogh
  3473 | D:3      | Reached ** piety under Beogh
  3619 | D:3      | Noticed a kobold brigand
  3634 | D:3      | Reached XP level 6. HP: 49/53 MP: 6/6
  3888 | D:3      | Killed Splishie's ghost
  4527 | D:4      | Found Umoril's CLEARANCE SALE!.
  4537 | D:4      | Bought a +0 pair of boots for 22 gold pieces
  4537 | D:4      | Bought a wand of mindburst (6) for 50 gold pieces
  4648 | D:4      | Reached skill level 7 in Axes
  5215 | D:5      | Entered Level 5 of the Dungeon
  5217 | D:5      | Noticed a black bear
  5249 | D:5      | Noticed a black bear
  5277 | D:5      | Found a bloodstained altar of Trog.
  5366 | D:5      | Reached skill level 5 in Fighting
  5457 | D:5      | Reached XP level 7. HP: 29/61 MP: 7/7
  5814 | D:5      | Reached skill level 8 in Axes
  5816 | D:5      | Identified the +1 pair of gloves of Indomitability {Str+5}
  6234 | D:5      | Reached XP level 8. HP: 47/70 MP: 8/8
  6368 | D:5      | Reached *** piety under Beogh
  6442 | D:5      | Reached skill level 5 in Armour
  7279 | D:6      | Found a white marble altar of Elyvilon.
  7403 | D:6      | Reached skill level 9 in Axes
  7739 | D:6      | Gained Bogmar as an ally
  7740 | D:6      | Reached skill level 10 in Axes
  7820 | D:6      | Found a radiant altar of Vehumet.
  7834 | D:6      | Reached XP level 9. HP: 78/78 MP: 9/9
  8059 | D:6      | Found a runed translucent door.
  8060 | D:6      | Noticed Crazy Yiuf
  8295 | D:6      | Killed Crazy Yiuf
  8373 | D:7      | Your ally Bogmar died
  8466 | D:7      | Noticed Prince Ribbit
  8489 | D:7      | Killed Prince Ribbit
  8490 | D:7      | Found a burning altar of Makhleb.
  8513 | D:7      | Identified the +6 whip "Rupp" {vorpal, rN+ Dex+3}
  8556 | D:7      | Found a flagged portal.
  8570 | D:7      | Reached **** piety under Beogh
  8595 | Bailey   | Entered a bailey
  8840 | Bailey   | Noticed an orc knight
  8894 | Bailey   | Killed an orc knight
  8895 | Bailey   | Reached skill level 11 in Axes
  8895 | Bailey   | Reached skill level 1 in Invocations
  9362 | D:7      | Found a staircase to the Ecumenical Temple.
  9389 | D:7      | Reached skill level 1 in Evocations
  9493 | D:7      | Found a blossoming altar of Fedhas.
  9584 | D:7      | Found a runed translucent door.
  9584 | D:7      | Found a shimmering altar of Xom.
  9584 | D:7      | Noticed zeratav's ghost (novice TeHu)
  9584 | D:7      | Noticed a +2 hand axe of chaos
  9594 | D:7      | Killed a +2 hand axe of chaos
  9595 | D:7      | Reached XP level 10. HP: 86/86 MP: 5/12
  9598 | D:7      | Killed zeratav's ghost
  9741 | D:7      | Found a glowing golden altar of the Shining One.
 10128 | D:1      | Bought a shiny scale mail for 189 gold pieces
 10865 | D:8      | Reached skill level 12 in Axes
 10958 | D:8      | Noticed a cyclops
 10967 | D:8      | Killed a cyclops
 10968 | D:8      | Reached skill level 5 in Dodging
 10968 | D:8      | Noticed a purple ugly thing
 10976 | D:8      | Killed a purple ugly thing
 10977 | D:8      | Reached skill level 5 in Invocations
 11695 | D:9      | Noticed a two-headed ogre
 11699 | D:9      | Killed a two-headed ogre
 11764 | D:9      | Found an iron altar of Okawaru.
 11792 | D:9      | Reached skill level 1 in Shields
 12360 | D:9      | Identified the +8 falchion of the Pure Ultimatums {elec,
                  | *Noise rCorr Int+4}
 12606 | D:10     | Entered Level 10 of the Dungeon
 12651 | D:10     | Noticed a two-headed ogre
 12654 | D:10     | Killed a two-headed ogre
 12675 | D:10     | Reached XP level 11. HP: 95/95 MP: 15/15
 12853 | D:10     | Noticed Joseph
 12857 | D:10     | Found a staircase to the Lair.
 12863 | D:10     | Killed Joseph
 13161 | D:10     | Noticed a two-headed ogre
 13169 | D:10     | Killed a two-headed ogre
 13170 | D:10     | Reached skill level 10 in Armour
 13171 | D:10     | Reached skill level 13 in Axes
 13425 | D:10     | Found a shimmering altar of Xom.
 13705 | D:10     | Found an ornate altar of the Wu Jian Council.
 13818 | D:11     | Noticed a manticore
 13821 | D:11     | Killed a manticore
 14057 | D:11     | Found a corrupted altar of Lugonu.
 14058 | D:11     | Noticed a soul eater
 14337 | D:11     | Reached ***** piety under Beogh
 14362 | D:11     | Noticed a two-headed ogre
 14367 | D:11     | Killed a two-headed ogre
 14696 | D:11     | Noticed a two-headed ogre
 14703 | D:11     | Killed a two-headed ogre
 14751 | D:11     | Noticed a two-headed ogre
 14759 | D:11     | Killed a two-headed ogre
 14910 | D:11     | Noticed a centaur warrior
 14919 | D:11     | Killed a centaur warrior
 15013 | D:11     | Found Roix's Distillery.
 15230 | D:11     | Found Qygaokh's Weapon Shop.
 15563 | D:12     | Reached XP level 12. HP: 48/105 MP: 17/17
 15968 | D:12     | Found a staircase to the Orcish Mines.
 16178 | D:12     | Noticed a five-headed hydra
 16184 | D:12     | Killed a five-headed hydra
 16200 | D:12     | Noticed a boulder beetle
 16200 | D:12     | Noticed a frost giant
 16204 | D:12     | Gained Orkrul as an ally
 16207 | D:12     | Killed a boulder beetle
 16208 | D:12     | Reached skill level 5 in Shields
 16209 | D:12     | Noticed a shock serpent
 16209 | D:12     | Gained Morbeogh as an ally
 16223 | D:12     | Killed a frost giant
 16228 | D:12     | Your ally Orkrul died
 16229 | D:12     | Your ally Morbeogh died
 16235 | D:12     | Noticed a fire dragon
 16244 | D:12     | Noticed an ogre mage
 16246 | D:12     | HP: 4/106 [killer bee (7)]
 16253 | D:12     | Noticed a boulder beetle
 16602 | Orc:1    | Entered Level 1 of the Orcish Mines
 16707 | Orc:1    | Gained Borgun as an ally
 17158 | Orc:2    | Entered Level 2 of the Orcish Mines
 17174 | Orc:2    | Gained Bogfrid as an ally
 17182 | Orc:2    | Found a staircase to the Elven Halls.
 17191 | Orc:2    | Your ally Borgun died
 17457 | Orc:2    | Noticed an orc warlord
 17463 | Orc:1    | Noticed Fannar
 17472 | Orc:1    | Killed Fannar
 17670 | Orc:1    | Found a roughly hewn altar of Beogh.
 17891 | Orc:1    | Killed an orc warlord
 17892 | Orc:1    | Reached skill level 14 in Axes
 18212 | Orc:2    | Noticed a centaur warrior
 18229 | Orc:2    | Killed a centaur warrior
 18232 | Orc:2    | Reached skill level 10 in Fighting
 18283 | Orc:2    | Found Jufiev's Magic Scroll Boutique.
 18283 | Orc:2    | Found Nizeent's Assorted Antiques.
 18285 | Orc:2    | Found Jixy's Armour Emporium.
 18287 | Orc:2    | Found Ibeiro's Magic Scroll Shop.
 18435 | Orc:2    | Reached XP level 13. HP: 100/113 MP: 20/20
 18458 | Orc:2    | Bought a scroll of fog for 22 gold pieces
 18458 | Orc:2    | Bought a scroll of identify for 22 gold pieces
 18458 | Orc:2    | Bought a scroll of identify for 22 gold pieces
 18458 | Orc:2    | Bought a scroll of immolation for 38 gold pieces
 18458 | Orc:2    | Bought a scroll of identify for 22 gold pieces
 18458 | Orc:2    | Bought a scroll of amnesia for 38 gold pieces
 18458 | Orc:2    | Bought a scroll of noise for 11 gold pieces
 18475 | Orc:2    | Bought a scroll of identify for 28 gold pieces
 18475 | Orc:2    | Bought a scroll of identify for 28 gold pieces
 18475 | Orc:2    | Bought a scroll of identify for 28 gold pieces
 18475 | Orc:2    | Bought 2 scrolls of identify for 56 gold pieces
 18475 | Orc:2    | Bought a scroll of identify for 28 gold pieces
 18724 | Orc:2    | Noticed an orc warlord
 18732 | Orc:2    | Reached skill level 10 in Invocations
 18736 | Orc:2    | Reached skill level 10 in Dodging
 18738 | Orc:2    | Mangled by an orc warlord

Illustrated notes

Levels and vault maps discovered:
D:1:      heliophobic_arrival_henge, layout_basic, serial_shops,
          nicolae_square_shop, serial_forest, infiniplex_forest_end_2,
          infiniplex_forest_end_3, infiniplex_forest_corner_2,
          infiniplex_forest_straight_1, infiniplex_forest_lined_corner,
          infiniplex_forest_clump_tiny, infiniplex_forest_end_1
D:2:      layout_basic, nicolae_underground_beach
D:3:      layout_rooms, nicolae_yredelemnul_ghost_church, lightli_corner_chamber
D:4:      layout_cave_pools, nicolae_shop_clearance
D:5:      wad_woods_settlement, layout_basic, mainiacjoe_overflow_boulevard,
          corexii_hall_statues_s
D:6:      layout_basic, overflow_temple_1_default, nicolae_vehumet_radiance,
          minmay_quadrilaterals, uniq_crazy_yiuf_cottage
D:7:      layout_loops_ring, mainiacjoe_overflow_small_starburst,
          bloody_makhleb, tso_oasis_becter, minmay_temple_entry_from_below_a,
          enter_bailey_5, ebering_ghost_xom, uniq_prince_ribbit1
D:8:      layout_basic, minmay_manual_monolith
D:9:      layout_basic, okawaru_trees_1, kennysheep_path_1,
          hangedman_abyss_or_decor_stabs
D:10:     layout_basic, nicolae_wu_jian_immortal_techniques, tgw_xom,
          lair_entry_dummy, kennysheep_generic_room_7, uniq_joseph
D:11:     kennysheep_kobold_lugonu_temple, layout_cave_pods, serial_shops, shop,
          nicolae_take_the_stairs
D:12:     regret_index_combs_of_tragedy, layout_loops_cross, hiddenorc1_lemuel
Orc:1:    layout_caves, mines1_david, uniq_fannar
Orc:2:    st_orc_rangers, layout_diamond_mine, minmay_orc_treasury

Skill      XL: |  1  2  3  4  5  6  7  8  9 10 11 12 13 |
---------------+----------------------------------------+-----
Fighting       | 4 5 6 7 8 9 10 | 10.3
Axes           | 5 6 7 8 10 11 12 13 14 | 14.3
Armour         | 1 2 3 4 6 8 9 11 | 11.8
Dodging        | 3 4 6 8 9 10 | 10.0
Invocations    | 3 5 7 9 10 | 10.1
Evocations     | 1 2 |  2.2
Shields        | 1 4 6 7 |  7.2
Throwing       | |  0.6
Stealth        | |  1.6

Action                   |  1- 3 |  4- 6 |  7- 9 | 10-12 | 13-15 || total
-------------------------+-------+-------+-------+-------+-------++-------
Melee: Hand axe          |    96 |   151 |   274 |   386 |     3 ||   910
       Punch             |     1 |       |     4 |       |       ||     5
       Whip              |       |       |       |    23 |       ||    23
       Broad axe         |       |       |       |       |    14 ||    14
Throw: Dart              |       |     6 |       |       |       ||     6
Invok: Convert to Beogh  |       |     1 |       |       |       ||     1
       Smiting           |       |       |     4 |    14 |     1 ||    19
       Recall Orcish Fol |       |       |     2 |     7 |       ||     9
Evoke: Wand              |       |       |     7 |     1 |       ||     8
  Use: Scroll            |     2 |       |     4 |     5 |    12 ||    23
       Potion            |       |       |     4 |     3 |     2 ||     9
 Stab: Sleeping          |     3 |     3 |       |       |       ||     6
       Distracted        |       |       |       |     5 |       ||     5
       Confused          |       |       |       |     2 |       ||     2
       Paralysed         |       |       |       |     5 |     2 ||     7
Armor: Robe              |     7 |       |       |       |       ||     7
       Leather armour    |     6 |    25 |       |       |       ||    31
       Ring mail         |       |     6 |    85 |       |       ||    91
       Plate armour      |       |       |    82 |   150 |       ||   232
       Scale mail        |       |       |       |    39 |     3 ||    42
       Skin              |       |       |       |     2 |       ||     2
Dodge: Dodged            |    44 |    75 |   155 |   246 |    11 ||   531
Block: Kite shield       |       |       |       |   302 |    22 ||   324
       Reflection        |       |       |       |    20 |     4 ||    24

Table legend: (Time is in decaauts)
 A = Elapsed time spent in this place.
 B = Non-inter-level travel time spent in this place.
 C = Inter-level travel time spent in this place.
 D = Time resting spent in this place.
 E = Time spent auto-exploring this place.
 F = Levels seen in this place.
 G = Mean time per level.
                   A        B        C        D        E       F      G
               +--------+--------+--------+--------+--------+-----+--------+
         Total |  18611 |  17401 |   1210 |   3432 |  10938 |  15 | 1240.7 |
       Dungeon |  15842 |  14665 |   1177 |   2710 |   9472 |  12 | 1320.2 |
  Orcish Mines |   2108 |   2075 |     33 |    529 |   1156 |   2 | 1054.0 |
        Bailey |    660 |    660 |      0 |    193 |    310 |   1 |  660.0 |
               +--------+--------+--------+--------+--------+-----+--------+

Top non-repeatable levels by time:
     D:2: 1829 daAuts
     D:5: 1783 daAuts
    D:11: 1604 daAuts
     D:3: 1432 daAuts
     D:1: 1391 daAuts
     D:6: 1345 daAuts
     D:8: 1323 daAuts
   Orc:1: 1224 daAuts
    D:10: 1205 daAuts
    D:12: 1151 daAuts
     D:9: 976 daAuts
     D:7: 903 daAuts
     D:4: 896 daAuts
   Orc:2: 884 daAuts
  Bailey: 660 daAuts
